 Dungeon Crawl Stone Soup version 0.19.0 (webtiles) character file.

9097 Ryco the Severer (level 11, 0/142 HPs)
             Began as a Minotaur Berserker on Nov 8, 2016.
             Was an Elder of Trog.
             Slain by a vampire mosquito (7 damage)
             ... on level 12 of the Dungeon on Nov 9, 2016.
             The game lasted 00:39:23 (4823 turns).

Ryco the Severer (Minotaur Berserker)               Turns: 4823, Time: 00:39:24

Health: 0/142      AC: 15    Str: 30    XL:     11   Next: 18%
Magic:  10/10      EV:  9    Int:  4    God:    Trog [****..]
Gold:   358        SH:  0    Dex: 10    Spells: 0 memorised, 10 levels left

rFire  . . .     SeeInvis +     a - +0 broad axe
rCold  + . .     Gourm    .     w - +0 plate armour
rNeg   . . .     Faith    .     (no shield)
rPois  .         Spirit   .     j - +0 hat
rElec  .         Reflect  .     g - +0 cloak
rCorr  .         Harm     .     (no gloves)
MR     ++...                    (no boots)
Stlth  ..........               (no amulet)
                                y - ring of protection from cold
                                q - ring of see invisible

@: berserking (expiring), regenerating, very quick
A: retaliatory headbutt, horns 2
a: Berserk, Trog's Hand, Brothers in Arms, Burn Spellbooks, Renounce Religion


You were on level 12 of the Dungeon.
You worshipped Trog.
Trog was greatly pleased with you.
You were not hungry.

You visited 1 branch of the dungeon, and saw 12 of its levels.

You collected 553 gold pieces.
You spent 195 gold pieces at shops.

Inventory:

Hand Weapons
 a - a +0 broad axe (weapon)
 l - a +0 flail
Missiles
 v - 37 bolts
Armour
 g - a +0 cloak (worn)
 j - a +0 hat (worn)
 w - a +0 plate armour (worn)
Jewellery
 q - a ring of see invisible (left hand)
 y - a ring of protection from cold (right hand)
Wands
 b - a wand of iceblast (8/15)
 i - a wand of polymorph (12/24)
 u - a wand of disintegration (4/24)
 G - a wand of flame (14/48)
Scrolls
 d - a scroll of vulnerability
 f - 2 scrolls of remove curse
 m - a scroll of silence {unknown}
 o - 3 scrolls of fear {unknown}
 t - 2 scrolls of fog {unknown}
 x - 2 scrolls of recharging {unknown}
 z - 3 scrolls of noise
 E - a scroll of enchant weapon {unknown}
 F - a scroll of enchant armour {unknown}
Potions
 e - a potion of cure mutation
 h - 2 potions of lignification
 k - 5 potions of curing
 n - a potion of cancellation
 r - a potion of invisibility
 s - 2 potions of heal wounds
 A - a potion of might
 B - a potion of agility {unknown}
 C - a potion of magic {unknown}
Comestibles
 c - 7 bread rations
 p - 3 meat rations
 D - 2 slices of pizza


   Skills:
 + Level 8.5 Fighting
 + Level 16.0 Axes
 * Level 9.9 Armour
 + Level 3.4 Dodging


You had 10 spell levels left.
You didn't know any spells.

Dungeon Overview and Level Annotations

Branches:
Dungeon (12/15)              Lair (0/6) D:11
 Temple: D:4-7          Orc: D:9-12

Altars:
Cheibriados
Elyvilon
Nemelex Xobeh
Trog
The Shining One

Shops:
D:5 *

Annotations:
D:4 1 runed door
D:8 Prince Ribbit


Innate Abilities, Weirdness & Mutations

You reflexively headbutt those who attack you in melee.
You have a pair of horns on your head.


Message History

Your plate armour prevents you from hitting the cyclops.
The vampire mosquito misses you. You furiously retaliate!
You headbutt the vampire mosquito! The cyclops hits you.
* * * LOW HITPOINT WARNING * * *
The vampire mosquito bites you but does no damage.
You miss the vampire mosquito.
Your headbutt misses the vampire mosquito.
The vampire mosquito is almost destroyed.
You slice the cyclops!!
You kill the cyclops!
Trog accepts your kill.
Your Axes skill increases to level 16!
You barely miss the vampire mosquito.
The vampire mosquito is almost destroyed.
The vampire mosquito bites you but does no damage.
You completely miss the vampire mosquito.
Your headbutt misses the vampire mosquito.
The vampire mosquito is almost destroyed.
The vampire mosquito bites you!
You die...

..........
.......(....
...........#
...........#
...........# ...
...........# .....
..........(#####......
........y.............
.......@((...........
.....................
..................#
.#####...........##
#...........# ..
#....###....## #..
#...## ##....###...
#...# #..........
..... ##..........


You could see a vampire mosquito.

Vanquished Creatures
  3 slime creatures (D:10)
  A hill giant (D:10)
  A cyclops (D:12)
  A manticore (D:11)
  A gargoyle (D:10)
  The ghost of TheGoonsmith the Gouger, a novice FeAK of Lugonu (D:9)
  3 trolls
  2 hornets
  Grinder (D:4)
  A two-headed ogre (D:8)
  A hippogriff (D:10)
  A wraith (D:10)
  2 vampire mosquitoes (D:12)
  A steam dragon (D:10)
  Menkaure (D:5)
  5 orc warriors
  A black bear (D:11)
  2 phantoms
  3 ice beasts
  An ogre (D:10)
  3 sky beasts
  4 centaurs
  2 crocodiles (D:11)
  A big kobold (D:9)
  3 bullfrogs
  2 scorpions (D:10)
  12 killer bees
  A jelly (D:11)
  3 howler monkeys (D:10)
  2 crimson imps
  2 centaur zombies
  9 orc wizards
  6 orc priests
  A centaur skeleton (D:7)
  3 hounds
  3 iguanas
  A bullfrog skeleton (D:9)
  8 worker ants
  A killer bee zombie (D:10)
  A hound skeleton (D:4)
  Robin (D:3)
  A worker ant zombie (D:5)
  7 adders
  2 gnolls (D:5)
  2 river rats (D:11)
  3 shadow imps
  An ooze (D:1)
  An adder skeleton (D:6)
  A worm (D:3)
  28 orcs
  A giant cockroach (D:3)
  14 goblins
  12 hobgoblins
  9 quokkas
  A ball python (D:2)
  11 bats
  A frilled lizard (D:1)
  10 kobolds
  A leopard gecko skeleton (D:6)
  A quokka skeleton (D:8)
  14 rats
223 creatures vanquished.

Notes
Turn   | Place    | Note
-------+----------+-------------------------------------------
     0 | D:1      | Ryco the Minotaur Berserker began the quest for the Orb.
     0 | D:1      | Reached XP level 1. HP: 19/19 MP: 0/0
    32 | D:1      | Reached skill level 4 in Axes
    76 | D:1      | Reached XP level 2. HP: 12/27 MP: 1/1
   578 | D:2      | Reached ** piety under Trog
   578 | D:2      | Reached XP level 3. HP: 33/33 MP: 2/2
   640 | D:3      | Reached skill level 5 in Axes
   646 | D:3      | Reached XP level 4. HP: 40/40 MP: 3/3
   668 | D:3      | Found a bloodstained altar of Trog.
   679 | D:3      | Noticed Robin
   707 | D:3      | Killed Robin
   876 | D:3      | Reached skill level 6 in Axes
   876 | D:3      | Reached XP level 5. HP: 46/46 MP: 4/4
  1003 | D:4      | Reached *** piety under Trog
  1003 | D:4      | Reached skill level 7 in Axes
  1003 | D:4      | Reached XP level 6. HP: 33/53 MP: 5/5
  1091 | D:4      | Noticed Grinder
  1110 | D:4      | Killed Grinder
  1323 | D:4      | Reached skill level 8 in Axes
  1340 | D:4      | Found a runed door.
  1340 | D:4      | Noticed an angel
  1341 | D:4      | Found a white marble altar of Elyvilon.
  1423 | D:5      | Entered Level 5 of the Dungeon
  1510 | D:5      | Noticed Menkaure
  1516 | D:5      | Reached XP level 7. HP: 51/60 MP: 6/6
  1516 | D:5      | Killed Menkaure
  1516 | D:5      | Reached skill level 5 in Fighting
  1569 | D:5      | Found Sewiu's General Store.
  1580 | D:5      | Bought an uncursed ring of see invisible for 195 gold pieces
  1632 | D:5      | Reached skill level 9 in Axes
  1794 | D:5      | Found a white marble altar of Elyvilon.
  1977 | D:6      | Reached XP level 8. HP: 68/68 MP: 7/7
  2090 | D:6      | Found a glowing golden altar of the Shining One.
  2223 | D:7      | Reached skill level 10 in Axes
  2224 | D:7      | Reached skill level 5 in Armour
  2436 | D:7      | Found a snail-covered altar of Cheibriados.
  2546 | D:7      | Reached skill level 11 in Axes
  2654 | D:7      | Reached **** piety under Trog
  2700 | D:8      | Found a sparkling altar of Nemelex Xobeh.
  2993 | D:8      | Noticed a two-headed ogre
  3000 | D:8      | Killed a two-headed ogre
  3000 | D:8      | Reached XP level 9. HP: 78/78 MP: 8/8
  3092 | D:9      | Noticed a troll
  3099 | D:9      | Killed a troll
  3099 | D:9      | Reached skill level 12 in Axes
  3281 | D:9      | Gained mutation: You tend to lose your temper in combat. [potion of mutation]
  3281 | D:9      | Gained mutation: Armour fits poorly on your strangely shaped body. [potion of mutation]
  3281 | D:9      | Gained mutation: Your muscles are strong. (Str +2) [potion of mutation]
  3282 | D:9      | Lost mutation: Your muscles are strong. (Str +2) [potion of cure mutation]
  3282 | D:9      | Lost mutation: You tend to lose your temper in combat. [potion of cure mutation]
  3283 | D:9      | Lost mutation: Armour fits poorly on your strangely shaped body. [potion of cure mutation]
  3304 | D:9      | Noticed TheGoonsmith's ghost (novice FeAK)
  3330 | D:9      | Killed TheGoonsmith's ghost
  3390 | D:8      | Noticed Prince Ribbit
  3527 | D:9      | Reached skill level 13 in Axes
  3600 | D:10     | Entered Level 10 of the Dungeon
  3610 | D:10     | Killed a very large slime creature
  3610 | D:10     | Reached skill level 14 in Axes
  3610 | D:10     | Reached XP level 10. HP: 86/86 MP: 9/9
  3729 | D:10     | Gained mutation: You are clumsy. (Dex -2) [potion of mutation]
  3729 | D:10     | Gained mutation: Armour fits poorly on your strangely shaped body. [potion of mutation]
  3729 | D:10     | Gained mutation: Your flesh is cold resistant. (rC+) [potion of mutation]
  3730 | D:10     | Lost mutation: Armour fits poorly on your strangely shaped body. [potion of cure mutation]
  3730 | D:10     | Lost mutation: Your flesh is cold resistant. (rC+) [potion of cure mutation]
  3730 | D:10     | Lost mutation: You are clumsy. (Dex -2) [potion of cure mutation]
  3772 | D:10     | Noticed a hill giant
  3777 | D:10     | Killed a hill giant
  3777 | D:10     | Reached skill level 15 in Axes
  4158 | D:10     | Noticed a gargoyle
  4166 | D:10     | Killed a gargoyle
  4408 | D:11     | Found a staircase to the Lair.
  4529 | D:11     | Noticed a manticore
  4548 | D:11     | Killed a manticore
  4548 | D:11     | Reached XP level 11. HP: 39/94 MP: 10/10
  4816 | D:12     | HP: 7/142 [cyclops/large rock (27)]
  4821 | D:12     | Reached skill level 16 in Axes
  4823 | D:12     | Slain by a vampire mosquito

Skill      XL: |  1  2  3  4  5  6  7  8  9 10 11 |
---------------+----------------------------------+-----
Axes           | 4 5 6 7 8 9 11 14 15 16 | 16.0
Fighting       | 4 5 6 7 8 |  8.5
Armour         | 3 4 6 7 9 |  9.9
Dodging        | 3 |  3.4

Action                   |  1- 3 |  4- 6 |  7- 9 | 10-12 || total
-------------------------+-------+-------+-------+-------++-------
Melee: Hand axe          |    55 |   123 |    60 |       ||   238
       Headbutt          |    10 |    18 |    35 |    42 ||   105
       War axe           |       |       |   164 |    72 ||   236
       Broad axe         |       |       |       |   132 ||   132
Invok: Berserk           |     1 |     3 |     8 |     4 ||    16
       Trog's Hand       |       |     6 |     1 |     8 ||    15
       Burn Spellbooks   |       |       |     2 |       ||     2
  Use: Scroll            |       |     7 |     7 |     2 ||    16
       Potion            |       |       |     3 |     4 ||     7
  Eat: Chunk             |       |     5 |     5 |     5 ||    15
       Beef jerky        |       |     1 |       |     1 ||     2
       Pizza             |       |       |     2 |       ||     2
       Meat ration       |       |       |     2 |       ||     2
       Royal jelly       |       |       |     1 |     1 ||     2
Armor: Animal skin       |     3 |       |       |       ||     3
       Ring mail         |    15 |       |       |       ||    15
       Chain mail        |       |    58 |    21 |       ||    79
       Plate armour      |       |       |    78 |   149 ||   227
       Skin              |       |       |       |    45 ||    45
Dodge: Dodged            |    30 |    33 |   105 |    98 ||   266
